 Dungeon Crawl Stone Soup version 0.20.1-1-g8b1a95d (webtiles) character file.

364 Kagerus the Ruffian (level 6, -2/55 HPs)
             Began as a Troll Hunter on Aug 3, 2017.
             Killed from afar by an orc wizard (8 damage)
             ... with a magic dart
             ... on level 4 of the Dungeon.
             The game lasted 00:06:06 (2927 turns).

Kagerus the Ruffian (Troll Hunter)                  Turns: 2927, Time: 00:06:07

Health: -2/55      AC:  5    Str: 22    XL:     6   Next: 39%
Magic:  5/5        EV: 10    Int:  7    God:
Gold:   228        SH:  0    Dex: 11    Spells: 5/5 levels left

rFire    . . .     SeeInvis .     - Unarmed
rCold    . . .     Gourm    +   (no shield)
rNeg     . . .     Faith    .   b - +0 robe
rPois    .         Spirit   .   (helmet restricted)
rElec    .         Reflect  .   (no cloak)
rCorr    .         Harm     .   (gloves unavailable)
MR       .....                  (boots unavailable)
Stlth    ++........             (no amulet)
Regen    0.6/turn               (no ring)
MPRegen  0.1/turn               (no ring)

@: lethally poisoned (-2 -> -3)
A: unfitting armour, claws 3, fast metabolism 3, gourmand, regeneration 1,
shaggy fur 1, tough skin 2
a: no special abilities


You were on level 4 of the Dungeon.
You were not hungry.

You visited 1 branch of the dungeon, and saw 4 of its levels.

You collected 228 gold pieces.

Inventory:

Missiles
 c - 5 large rocks (quivered)
 d - 2 throwing nets
Armour
 b - a +0 robe (worn)
Jewellery
 t - a cursed ring of teleportation {unknown}
Wands
 l - a wand of flame (15/48)
 o - a wand of scattershot (5/9)
Scrolls
 a - 4 scrolls of identify {unknown}
 e - 2 scrolls of amnesia {unknown}
 m - a scroll of recharging {unknown}
 r - a scroll of blinking {unknown}
Potions
 i - a potion of resistance {unknown}
 j - 2 potions of curing {unknown}
 k - 2 potions of mutation {unknown}
 n - a potion of berserk rage {unknown}
 q - a potion of cancellation {unknown}
 s - a potion of heal wounds {unknown}
Comestibles
 f - 4 bread rations
 g - 2 royal jellies
 h - a fruit
 p - 4 meat rations


   Skills:
 - Level 1.5 Fighting
 - Level 3.6 Throwing
 - Level 1.5 Dodging
 + Level 2.8 Stealth
 + Level 4.4 Unarmed Combat


You had 5 spell levels left.
You didn't know any spells.

Dungeon Overview and Level Annotations

Branches:
Dungeon (4/15)
 Temple: D:4-7

Altars:
Vehumet
The Shining One

Annotations:
D:4 Sigmund


Innate Abilities, Weirdness & Mutations

You are too large for most types of armour.
You have claws for hands.
Your metabolism is lightning-fast.
You like to eat raw meat.
Your natural rate of healing is unusually fast.
You are covered in fur. (AC +1)
You have very tough skin. (AC +2)


Message History

You feel sick. The orc wizard casts a spell at you. The magic dart hits you!
The orc wizard gestures wildly while chanting.
The orc wizard flickers and vanishes!
Deactivating autopickup; reactivate with Ctrl-A.
There is an open door here.
The orc wizard gestures at you while chanting.
The magic dart hits you!
* * * LOW HITPOINT WARNING * * *
The orc priest looks braver for a moment.
You feel sick.
The orc wizard gestures at you while chanting.
The magic dart hits you!
* * * LOW HITPOINT WARNING * * *
The orc wizard casts a spell.
The orc wizard blinks!
The orc wizard gestures at you while chanting.
The magic dart hits you!
You die...

#.# #............. #.#
#............. #.#
#............. #.#
#............. #.#
#.....†....... #.#
#............. #.#
#...!o........
#.#############.............
#..........@..oo............
###############.............
#.............
########...... ######


You could see an orc priest and an orc wizard.

Vanquished Creatures
  A bullfrog (D:4)
  2 hounds
  A bullfrog skeleton (D:4)
  Jessica (D:3)
  Natasha (twice) (D:2)
  2 worker ants (D:4)
  An adder (D:4)
  An adder skeleton (D:4)
  2 worms (D:3)
  3 dart slugs
  2 leopard geckos (D:3)
  4 orcs
  5 giant cockroaches
  9 goblins
  6 hobgoblins
  3 jackals (D:3)
  5 kobolds
  A ball python (D:4)
  3 bats (D:3)
  4 frilled lizards
  A leopard gecko skeleton (D:4)
  6 rats
65 creatures vanquished.

Notes
Turn   | Place    | Note
-------+----------+-------------------------------------------
     0 | D:1      | Kagerus the Troll Hunter began the quest for the Orb.
     0 | D:1      | Reached XP level 1. HP: 19/19 MP: 0/0
   166 | D:1      | Reached skill level 1 in Unarmed Combat
   180 | D:1      | Reached XP level 2. HP: 27/27 MP: 1/1
   217 | D:1      | Reached skill level 1 in Stealth
   495 | D:1      | Reached XP level 3. HP: 33/33 MP: 2/2
  1083 | D:3      | Noticed Natasha
  1086 | D:3      | Reached skill level 2 in Unarmed Combat
  1101 | D:2      | HP: 1/33 [Natasha (6)]
  1102 | D:2      | Killed Natasha
  1190 | D:2      | Noticed Natasha
  1196 | D:2      | Killed Natasha
  1196 | D:2      | Reached XP level 4. HP: 26/41 MP: 3/3
  1646 | D:3      | Noticed Jessica
  1651 | D:3      | Killed Jessica
  1741 | D:3      | Reached skill level 3 in Unarmed Combat
  1741 | D:3      | Reached XP level 5. HP: 35/48 MP: 4/4
  1848 | D:3      | Found a radiant altar of Vehumet.
  2386 | D:4      | Reached skill level 4 in Unarmed Combat
  2478 | D:4      | Noticed Sigmund
  2658 | D:4      | Found a glowing golden altar of the Shining One.
  2768 | D:4      | Reached XP level 6. HP: 54/55 MP: 5/5
  2927 | D:4      | Killed from afar by an orc wizard

Skill      XL: |  1  2  3  4  5 |
---------------+----------------+-----
Unarmed Combat | 1 2 3 4 |  4.4
Stealth        | 1 2 |  2.8
Fighting       | |  1.5
Throwing       | |  3.6
Dodging        | |  1.5

Action                   |  1- 3 |  4- 6 || total
-------------------------+-------+-------++-------
Melee: Unarmed           |    97 |   102 ||   199
       Punch             |     1 |       ||     1
Throw: Large rock        |     3 |     2 ||     5
 Stab: Sleeping          |     2 |     2 ||     4
  Eat: Chunk             |    13 |    12 ||    25
Armor: Robe              |    23 |    48 ||    71
Dodge: Dodged            |    50 |    55 ||   105
